AoeStats
← Barón de la Cerveza

Arabia

510212382Analyzed
1v1 RM · 2d ago on Sep 30, 2026· 59m 31s· 2 players
Game mode
Random Map
Map size
Tiny (2 player)
Population
200
Speed
Normal
Resources
Standard
Victory
Conquest
Starting age
Dark Age
Ending age
Imperial Age
RankedLock teamsTeams togetherTeam positionsShared explorationLock speedFull tech treeHidden civsTurbo modeCheats
Victory
Defeat
🇲🇽 Magyars · Mexico
1827
+12
🇺🇸 Shu · United States
1731
-12
BB3097790
6:47 Loom
9:07 Feudal Age
9:18 Man-at-Arms
12:05 Double-Bit Axe
16:40 Fletching
21:37 Castle Age
20:29 Horse Collar
20:40 Gold Mining
21:40 Crossbowman
22:23 Bodkin Arrow
22:30 Padded Archer Armor
22:41 Bow Saw
29:10 Thumb Ring
30:46 Ballistics
31:34 Wheelbarrow
30:44 Town Watch
40:07 Imperial Age
39:15 Leather Archer Armor
39:03 Stone Mining
40:53 Bracer
42:32 Hand Cart
42:27 Arbalester
44:02 Conscription
45:36 Chemistry
48:23 Ring Archer Armor
47:54 Scale Mail Armor
48:04 Forging
48:43 Bolt Magazine
50:49 Elite White Feather Guard
53:57 Chain Mail Armor
59:26 Husbandry
Barón de la Cerveza
6:30 Loom
8:52 Feudal Age
9:38 Double-Bit Axe
22:13 Castle Age
20:36 Fletching
20:47 Padded Archer Armor
21:19 Gold Mining
21:47 Bloodlines
21:32 Horse Collar
22:27 Elite Skirmisher
23:08 Bodkin Arrow
27:53 Ballistics
28:53 Leather Archer Armor
37:12 Wheelbarrow
39:41 Imperial Age
37:47 Scale Barding Armor
38:16 Husbandry
39:26 Chain Barding Armor
41:01 Plate Barding Armor
40:00 Capped Ram
41:31 Bracer
41:32 Light Cavalry
43:00 Hussar
44:08 Conscription
48:17 Chemistry
47:20 Heavy Cavalry Archer
48:50 Hoardings
49:11 Hand Cart
50:16 Thumb Ring
50:37 Parthian Tactics
59:42 Recurve Bow
59:49 Siege Engineers
59:54 Masonry
Connection lost

Rejoining the realm…

Still unreachable

The connection could not be restored.

Session expired

The server has moved on; the page needs a fresh start.